Winnipeg Jets vs Vegas Golden Knights
Created - Wednesday, November 8, 2023 at 07:32
Goals
|
| Winnipeg Jets |
2 |
1 |
0 |
0 |
2 |
4 |
| Vegas Golden Knights |
0 |
1 |
2 |
0 |
1 |
3 |
|
Shots
|
| Winnipeg Jets |
13 |
14 |
9 |
1 |
4 |
37 |
| Vegas Golden Knights |
13 |
11 |
16 |
6 |
4 |
46 |
|
1st period
1. Winnipeg Jets , Connor McDavid 20 (Lucas Raymond 19) at 10:09 (PP)
2. Winnipeg Jets , Lucas Raymond 12 (Ty Smith 12, Alex DeBrincat 29) at 19:46
Penalties :
Sean Monahan (VGK) for Hooking (Minor) at 10:02, Jordan Staal (VGK) for Hooking (Minor) at 19:49
2nd period
3. Winnipeg Jets , Alex DeBrincat 23 (Connor McDavid 31) at 8:53
4. Vegas Golden Knights , Lars Eller 2 (Eric Staal 10) at 12:22
Penalties :
Mark Borowiecki (WPG) for Interference (Minor) at 2:37, Lucas Raymond (WPG) for High sticking (Minor) at 19:17
3rd period
5. Vegas Golden Knights , Joe Pavelski 19 (Tyler Bertuzzi 23, Chris Kreider 28) at 1:08 (PP)
6. Vegas Golden Knights , Vince Dunn 6 (Rickard Rakell 19, Nikolaj Ehlers 26) at 7:12
Penalties :
Jordan Staal (VGK) for Tripping (Minor) at 1:30, Chris Kreider (VGK) for Roughing (Minor) at 17:25
Overtime #1
No Goal
Penalties :
No Penalty
Shootout
Winnipeg Jets, Connor McDavid - Stopped by Alexandar Georgiev
Vegas Golden Knights, Rickard Rakell - Stopped by Pavel Francouz
Winnipeg Jets, Nick Suzuki - Stopped by Alexandar Georgiev
Vegas Golden Knights, Sean Monahan - Stopped by Pavel Francouz
Winnipeg Jets, Alex DeBrincat - Goal!
Vegas Golden Knights, Zach Parise - Goal!
Winnipeg Jets, Lucas Raymond - Goal!
Vegas Golden Knights, Joe Pavelski - Shot Misses the Net
Penalties :
No Penalty
Goalie Stats
Pavel Francouz (WPG), 43 saves from 46 shots - (0.935), W, 17-17-5, 65:00 minutes
Alexandar Georgiev (VGK), 34 saves from 37 shots - (0.919), OTL, 19-13-3, 65:00 minutes
Players Stats for Winnipeg Jets
Player Name G A P +/- PIM S H SB GA TA FO MP PP MP PK MP
------------------------------------------------------------------------------------
Alex DeBrincat 1 1 2 1 0 3 2 0 0 0 2/5 21:22 2:49 2:00
Andrew Cogliano 0 0 0 -1 0 0 3 0 0 1 0/0 14:01 0:00 1:12
Barclay Goodrow 0 0 0 0 0 0 2 0 0 0 0/0 17:33 3:15 0:00
Calen Addison 0 0 0 0 0 0 2 0 0 0 0/0 20:29 3:09 0:00
Connor McDavid 1 1 2 1 0 3 1 1 0 0 18/32 21:39 2:49 1:47
Dante Fabbro 0 0 0 0 0 1 2 0 0 0 0/0 25:06 2:55 2:09
Joel Armia 0 0 0 0 0 2 1 1 0 0 0/0 8:23 0:00 0:00
Kaapo Kakko 0 0 0 0 0 6 0 0 0 0 0/1 17:33 3:15 0:00
Kaiden Guhle 0 0 0 0 0 2 2 3 0 1 0/0 25:38 2:55 2:09
Lucas Raymond 1 1 2 1 2 5 0 0 0 0 1/1 20:13 2:49 0:51
Mark Borowiecki 0 0 0 0 2 3 2 1 0 0 0/0 18:40 0:00 0:35
Matthew Beniers 0 0 0 -1 0 1 1 0 0 0 5/8 13:12 0:00 0:00
Nathan Beaulieu 0 0 0 0 0 1 0 3 1 1 0/0 22:36 3:09 1:41
Nick Suzuki 0 0 0 0 0 2 0 1 0 0 11/21 21:52 3:15 1:47
Pius Suter 0 0 0 0 0 3 0 1 0 0 0/0 8:23 0:00 0:00
Sam Steel 0 0 0 0 0 3 0 0 0 0 3/7 9:13 0:00 0:00
Ty Smith 0 1 1 0 0 1 0 0 0 0 0/0 17:34 0:00 1:06
Yegor Sharangovich 0 0 0 -1 0 1 1 1 0 1 0/3 12:41 0:00 0:03
Players Stats for Vegas Golden Knights
Player Name G A P +/- PIM S H SB GA TA FO MP PP MP PK MP
------------------------------------------------------------------------------------
Andrew Peeke 0 0 0 0 0 3 3 4 0 1 0/0 27:57 0:00 2:48
Chris Kreider 0 1 1 -2 2 4 0 1 0 0 0/2 20:07 2:03 0:42
Eric Staal 0 1 1 1 0 3 0 0 0 0 2/2 11:22 0:00 2:54
Joe Pavelski 1 0 1 -2 0 4 2 0 0 0 4/8 19:29 2:03 0:00
John Marino 0 0 0 0 0 0 1 0 0 0 0/0 16:44 1:49 0:00
Jordan Staal 0 0 0 1 4 1 0 0 0 0 8/17 15:49 0:00 0:54
Lars Eller 1 0 1 1 0 4 2 1 0 0 2/7 11:01 0:00 2:51
Marc Staal 0 0 0 0 0 3 1 0 0 0 0/0 18:18 0:00 3:16
Marc-Edouard Vlasic 0 0 0 0 0 0 1 1 0 0 0/0 15:45 0:00 3:16
Nikolaj Ehlers 0 1 1 1 0 5 2 0 0 0 2/3 16:41 1:49 0:13
Reilly Smith 0 0 0 0 0 3 7 0 1 0 1/1 18:34 2:01 1:43
Rickard Rakell 0 1 1 1 0 5 1 0 1 0 2/2 16:21 1:47 0:00
Sean Couturier 0 0 0 0 0 3 1 0 0 0 4/11 12:38 0:00 0:00
Sean Monahan 0 0 0 -2 2 1 2 0 0 0 12/24 18:39 1:47 0:00
Travis Hamonic 0 0 0 0 0 0 0 0 0 0 0/0 20:31 0:00 2:48
Tyler Bertuzzi 0 1 1 0 0 4 2 2 2 0 0/0 14:41 2:03 0:00
Vince Dunn 1 0 1 0 0 2 2 1 0 0 0/0 26:46 2:01 0:00
Zach Parise 0 0 0 1 0 1 2 0 0 0 1/1 12:29 1:47 2:51
3 Stars
1 - Alex DeBrincat (WPG)
2 - Connor McDavid (WPG)
3 - Pavel Francouz (WPG)
Power Play
Winnipeg Jets - 1 on 4 Attempt(s) - 25.00%
Vegas Golden Knights - 1 on 2 Attempt(s) - 50.00%
Penalty Kill
Winnipeg Jets - 1 on 2 Attempt(s) - 50.00%
- Score 0 goal in Penalty Kill
Vegas Golden Knights - 3 on 4 Attempt(s) - 75.00%
- Score 0 goal in Penalty Kill
Team Stat
Winnipeg Jets - Hits : 19 - Faceoff Wins : 40 - Blocked Shots : 12 - Penalty Minutes : 4
Vegas Golden Knights - Hits : 29 - Faceoff Wins : 38 - Blocked Shots : 10 - Penalty Minutes : 8
Official
Referees : Dave Jackson and Dennis LaRue
Linesman : Jay Sharrers and Mark Wheler
Game Notes
Mark Borowiecki is injured at 1:11 of 1st overtime period (Bruised Right Leg)
Finance
Level 1 -- Attendance: 5317 (88.62%) -- Ticket Income $505,115
Level 2 -- Attendance: 4865 (97.30%) -- Ticket Income $267,575
Level 3 -- Attendance: 2631 (87.70%) -- Ticket Income $78,930
Level 4 -- Attendance: 4444 (88.88%) -- Ticket Income $88,880
Luxury Box -- Attendance: 1000 (100.00%) -- Ticket Income $190,000
Game was played at the T-Mobile Arena.
Total Attendance: 18257 (91.29%)
Total Ticket Income: $1,130,500
Other Income: $395,675
Total Income: $1,526,175
Winnipeg Jets
5 vs 5 Forward
Center Left Wing Right Wing Time % Phy DF OF
1 Connor McDavid Alex DeBrincat Lucas Raymond 30 1 2 2
2 Nick Suzuki Barclay Goodrow Kaapo Kakko 30 1 2 2
3 Matthew Beniers Andrew Cogliano Yegor Sharangovich 25 1 2 2
4 Sam Steel Pius Suter Joel Armia 15 1 2 2
5 vs 5 Defense
Defense Defense Time % Phy DF OF
1 Dante Fabbro Kaiden Guhle 35 1 2 2
2 Nathan Beaulieu Mark Borowiecki 35 1 2 2
3 Calen Addison Ty Smith 30 1 2 2
4 Dante Fabbro Kaiden Guhle 0 1 2 2
PowerPlay Forward
Center Left Wing Right Wing Time % Phy DF OF
1 Connor McDavid Alex DeBrincat Lucas Raymond 50 1 2 2
2 Nick Suzuki Barclay Goodrow Kaapo Kakko 50 1 2 2
PowerPlay Defense
Defense Defense Time % Phy DF OF
1 Dante Fabbro Kaiden Guhle 50 1 2 2
2 Nathan Beaulieu Calen Addison 50 1 2 2
Penalty Kill 4 Players Forward
Center Wing Time % Phy DF OF
1 Connor McDavid Nick Suzuki 50 1 2 2
2 Alex DeBrincat Lucas Raymond 50 1 2 2
Penalty Kill 4 Players Defense
Defense Defense Time % Phy DF OF
1 Kaiden Guhle Dante Fabbro 50 1 2 2
2 Mark Borowiecki Nathan Beaulieu 50 1 2 2
Penalty Kill - 3 Players Forward
Forward Time % Phy DF OF
1 Connor McDavid 50 1 2 2
2 Nick Suzuki 50 1 2 2
Penalty Kill - 3 Players Defense
Defense Defense Time % Phy DF OF
1 Kaiden Guhle Dante Fabbro 50 1 2 2
2 Ty Smith Nathan Beaulieu 50 1 2 2
4 vs 4 Forward
Center Wing Time % Phy DF OF
1 Connor McDavid Nick Suzuki 50 1 2 2
2 Alex DeBrincat Lucas Raymond 50 1 2 2
4 vs 4 Defense
Defense Defense Time % Phy DF OF
1 Dante Fabbro Kaiden Guhle 50 1 2 2
2 Calen Addison Mark Borowiecki 50 1 2 2
Last Minutes Offensive
Center Left Wing Right Wing Defense Defense
Connor McDavid Alex DeBrincat Lucas Raymond Dante Fabbro Kaiden Guhle
Last Minutes Defensive
Center Left Wing Right Wing Defense Defense
Nick Suzuki Andrew Cogliano Barclay Goodrow Dante Fabbro Kaiden Guhle
Goaltenders
Starting : Pavel Francouz
Backup : Spencer Knight
Extra Forwards
Normal : Sam Steel, Matthew Beniers, Andrew Cogliano - PP : Sam Steel, Matthew Beniers - PK : Andrew Cogliano
Extra Defensemen
Normal : Kaiden Guhle, Ty Smith, Dante Fabbro - PP : Kaiden Guhle - PK : Mark Borowiecki, Dante Fabbro
Penalty Shots
Connor McDavid, Nick Suzuki, Alex DeBrincat, Lucas Raymond, Matthew Beniers
Vegas Golden Knights
5 vs 5 Forward
Center Left Wing Right Wing Time % Phy DF OF
1 Sean Monahan Chris Kreider Joe Pavelski 30 1 2 2
2 Jordan Staal Nikolaj Ehlers Rickard Rakell 30 1 2 2
3 Sean Couturier Tyler Bertuzzi Reilly Smith 25 1 2 2
4 Lars Eller Eric Staal Zach Parise 15 1 2 2
5 vs 5 Defense
Defense Defense Time % Phy DF OF
1 Vince Dunn Andrew Peeke 30 1 2 2
2 Marc Staal Travis Hamonic 30 1 2 2
3 Marc-Edouard Vlasic John Marino 25 1 2 2
4 Andrew Peeke Vince Dunn 15 1 2 2
PowerPlay Forward
Center Left Wing Right Wing Time % Phy DF OF
1 Joe Pavelski Chris Kreider Tyler Bertuzzi 50 1 2 2
2 Sean Monahan Rickard Rakell Zach Parise 50 1 2 2
PowerPlay Defense
Defense Defense Time % Phy DF OF
1 Reilly Smith Vince Dunn 50 1 2 2
2 Nikolaj Ehlers John Marino 50 1 2 2
Penalty Kill 4 Players Forward
Center Wing Time % Phy DF OF
1 Lars Eller Zach Parise 50 1 2 2
2 Eric Staal Jordan Staal 50 1 2 2
Penalty Kill 4 Players Defense
Defense Defense Time % Phy DF OF
1 Andrew Peeke Travis Hamonic 50 1 2 2
2 Marc-Edouard Vlasic Marc Staal 50 1 2 2
Penalty Kill - 3 Players Forward
Forward Time % Phy DF OF
1 Lars Eller 50 1 2 2
2 Jordan Staal 50 1 2 2
Penalty Kill - 3 Players Defense
Defense Defense Time % Phy DF OF
1 Andrew Peeke Travis Hamonic 50 1 2 2
2 Eric Staal Marc Staal 50 1 2 2
4 vs 4 Forward
Center Wing Time % Phy DF OF
1 Joe Pavelski Chris Kreider 50 1 2 2
2 Sean Monahan Reilly Smith 50 1 2 2
4 vs 4 Defense
Defense Defense Time % Phy DF OF
1 Andrew Peeke Travis Hamonic 50 1 2 2
2 Vince Dunn John Marino 50 1 2 2
Last Minutes Offensive
Center Left Wing Right Wing Defense Defense
Joe Pavelski Chris Kreider Nikolaj Ehlers Vince Dunn John Marino
Last Minutes Defensive
Center Left Wing Right Wing Defense Defense
Jordan Staal Zach Parise Eric Staal Marc Staal Andrew Peeke
Goaltenders
Starting : Alexandar Georgiev
Backup : Philipp Grubauer
Extra Forwards
Normal : Reilly Smith, Joe Pavelski, Chris Kreider - PP : Zach Parise, Sean Couturier - PK : Reilly Smith
Extra Defensemen
Normal : Marc Staal, Andrew Peeke, Vince Dunn - PP : Travis Hamonic - PK : John Marino, Andrew Peeke
Penalty Shots
Rickard Rakell, Sean Monahan, Zach Parise, Joe Pavelski, Chris Kreider
% Time on Ice - Winnipeg Jets
Lines # - Real PCT - Wanted PCT - Time Play
Normal Forward
1 - 29% - 30% - 14:31
2 - 29% - 30% - 14:39
3 - 25% - 25% - 12:33
4 - 17% - 15% - 8:23
Normal Defense
1 - 35% - 35% - 17:26
2 - 36% - 35% - 17:50
3 - 30% - 30% - 14:50
4 - 0% - 0% - 0:00
PP Forward
1 - 46% - 50% - 2:49
2 - 54% - 50% - 3:15
PP Defense
1 - 48% - 50% - 2:55
2 - 52% - 50% - 3:09
PK Forward
1 - 47% - 50% - 1:47
2 - 53% - 50% - 2:03
PK Defense
1 - 53% - 50% - 2:01
2 - 47% - 50% - 1:49
PK3 Forward
1 - 0% - 50%
2 - 0% - 50%
PK3 Defense
1 - 0% - 50%
2 - 0% - 50%
44 Forward
1 - 54% - 50% - 2:41
2 - 46% - 50% - 2:19
44 Defense
1 - 24% - 50% - 1:11
2 - 76% - 50% - 3:49
Last Minute Offensive - 0:00
Last Minute Defensive - 0:00
Total
Forward - 65:00
Defense - 65:00
|
% Time on Ice - Vegas Golden Knights
Lines # - Real PCT - Wanted PCT - Time Play
Normal Forward
1 - 30% - 30% - 14:50
2 - 29% - 30% - 14:40
3 - 25% - 25% - 12:38
4 - 16% - 15% - 7:58
Normal Defense
1 - 32% - 30% - 15:49
2 - 30% - 30% - 14:54
3 - 25% - 25% - 12:18
4 - 14% - 15% - 7:05
PP Forward
1 - 53% - 50% - 2:03
2 - 47% - 50% - 1:47
PP Defense
1 - 53% - 50% - 2:01
2 - 47% - 50% - 1:49
PK Forward
1 - 47% - 50% - 2:51
2 - 53% - 50% - 3:13
PK Defense
1 - 46% - 50% - 2:48
2 - 54% - 50% - 3:16
PK3 Forward
1 - 0% - 50%
2 - 0% - 50%
PK3 Defense
1 - 0% - 50%
2 - 0% - 50%
44 Forward
1 - 56% - 50% - 2:48
2 - 44% - 50% - 2:12
44 Defense
1 - 45% - 50% - 2:15
2 - 55% - 50% - 2:45
Last Minute Offensive - 0:00
Last Minute Defensive - 0:00
Total
Forward - 65:00
Defense - 65:00
|
Play-by-Play
1st period
0:01 of 1st period - Sean Monahan wins face-off versus Connor McDavid in neutral zone.
0:58 of 1st period - Snap shot by Pius Suter.
0:58 of 1st period - Stopped by Alexandar Georgiev without a rebound.
0:59 of 1st period - Matthew Beniers wins face-off versus Sean Couturier in Vegas Golden Knights zone.
1:06 of 1st period - Wrist shot by Matthew Beniers.
1:06 of 1st period - Shot Misses the Net.
1:08 of 1st period - Snap shot by Andrew Cogliano.
1:08 of 1st period - Shot Misses the Net.
1:10 of 1st period - Wrist shot by Andrew Cogliano.
1:10 of 1st period - Shot Misses the Net.
1:12 of 1st period - Slapshot by Andrew Cogliano.
1:12 of 1st period - Shot Misses the Net.
1:14 of 1st period - Snap shot by Ty Smith.
1:14 of 1st period - Shot Misses the Net.
2:02 of 1st period - Icing by Nathan Beaulieu.
2:03 of 1st period - Connor McDavid wins face-off versus Nikolaj Ehlers in Winnipeg Jets zone.
2:03 of 1st period - Connor McDavid is hit by Andrew Peeke.
2:17 of 1st period - Wrist shot by Nikolaj Ehlers.
2:17 of 1st period - Shot Blocked by Yegor Sharangovich.
2:29 of 1st period - Snap shot by Tyler Bertuzzi.
2:29 of 1st period - Stopped by Pavel Francouz without a rebound.
2:30 of 1st period - Sean Couturier wins face-off versus Sam Steel in Winnipeg Jets zone.
2:33 of 1st period - Snap shot by Tyler Bertuzzi.
2:33 of 1st period - Shot Blocked by Pius Suter.
2:35 of 1st period - Slapshot by Travis Hamonic.
2:35 of 1st period - Deflect By Reilly Smith.
2:35 of 1st period - Shot Misses the Net.
2:35 of 1st period - Puck is out of play.
2:36 of 1st period - Nick Suzuki wins face-off versus Sean Couturier in Winnipeg Jets zone.
3:17 of 1st period - Yegor Sharangovich is hit by Joe Pavelski and loses puck.
3:28 of 1st period - Dante Fabbro is hit by Andrew Peeke and loses puck.
3:55 of 1st period - Jordan Staal is hit by Joel Armia and loses puck.
4:40 of 1st period - Snap shot by Zach Parise.
4:40 of 1st period - Deflect By Lars Eller.
4:40 of 1st period - Stopped by Pavel Francouz without a rebound.
4:41 of 1st period - Connor McDavid wins face-off versus Sean Monahan in Winnipeg Jets zone.
5:14 of 1st period - Snap shot by Yegor Sharangovich.
5:14 of 1st period - Shot Misses the Net.
5:34 of 1st period - Slapshot by Tyler Bertuzzi.
5:34 of 1st period - Stopped by Pavel Francouz with a rebound.
5:36 of 1st period - Slapshot by Marc Staal.
5:36 of 1st period - Stopped by Pavel Francouz without a rebound.
5:37 of 1st period - Connor McDavid wins face-off versus Sean Couturier in Winnipeg Jets zone.
5:47 of 1st period - Off-side.
5:48 of 1st period - Sean Monahan wins face-off versus Nick Suzuki in neutral zone.
6:20 of 1st period - Slapshot by Lars Eller.
6:20 of 1st period - Stopped by Pavel Francouz without a rebound.
6:21 of 1st period - Matthew Beniers wins face-off versus Jordan Staal in Winnipeg Jets zone.
6:36 of 1st period - Snap shot by Yegor Sharangovich.
6:36 of 1st period - Shot Misses the Net.
6:53 of 1st period - Yegor Sharangovich is hit by Reilly Smith.
7:07 of 1st period - Nathan Beaulieu is hit by Sean Couturier and loses puck.
7:18 of 1st period - Wrist shot by Zach Parise.
7:18 of 1st period - Deflect By Eric Staal.
7:18 of 1st period - Stopped by Pavel Francouz without a rebound.
7:19 of 1st period - Lars Eller wins face-off versus Nick Suzuki in Winnipeg Jets zone.
7:24 of 1st period - Wrist shot by Zach Parise.
7:24 of 1st period - Deflect By Eric Staal.
7:24 of 1st period - Stopped by Pavel Francouz with a rebound.
7:26 of 1st period - Snap shot by Eric Staal.
7:26 of 1st period - Stopped by Pavel Francouz with a rebound.
7:28 of 1st period - Slapshot by Marc Staal.
7:28 of 1st period - Deflect By Nick Suzuki.
7:28 of 1st period - Stopped by Pavel Francouz without a rebound.
7:29 of 1st period - Nick Suzuki wins face-off versus Sean Monahan in Winnipeg Jets zone.
8:25 of 1st period - Snap shot by Reilly Smith.
8:25 of 1st period - Stopped by Pavel Francouz with a rebound.
8:34 of 1st period - Icing by Marc Staal.
8:35 of 1st period - Zach Parise wins face-off versus Yegor Sharangovich in Vegas Golden Knights zone.
9:28 of 1st period - Snap shot by Kaapo Kakko.
9:28 of 1st period - Shot Misses the Net.
9:30 of 1st period - Slapshot by Nathan Beaulieu.
9:30 of 1st period - Shot Blocked by Andrew Peeke.
9:49 of 1st period - Wrist shot by Sam Steel.
9:49 of 1st period - Deflect By Pius Suter.
9:49 of 1st period - Shot Misses the Net.
9:49 of 1st period - Puck is out of play.
9:50 of 1st period - Sam Steel wins face-off versus Sean Monahan in Vegas Golden Knights zone.
10:02 of 1st period - Minor Penalty to Sean Monahan for Hooking.
10:03 of 1st period - Connor McDavid wins face-off versus Lars Eller in Vegas Golden Knights zone.
10:07 of 1st period - Wrist shot by Lucas Raymond.
10:07 of 1st period - Shot Misses the Net.
10:09 of 1st period - Snap shot by Connor McDavid.
10:09 of 1st period - Goal by Connor McDavid - Winnipeg Jets : 1 - Vegas Golden Knights : 0.
10:10 of 1st period - Connor McDavid wins face-off versus Jordan Staal in neutral zone.
10:27 of 1st period - Snap shot by Connor McDavid.
10:27 of 1st period - Stopped by Alexandar Georgiev with a rebound.
10:37 of 1st period - Kaiden Guhle is hit by Andrew Peeke and loses puck.
11:02 of 1st period - Lars Eller is hit by Matthew Beniers and loses puck.
11:24 of 1st period - Snap shot by Joel Armia.
11:24 of 1st period - Deflect By Pius Suter.
11:24 of 1st period - Stopped by Alexandar Georgiev without a rebound.
11:25 of 1st period - Jordan Staal wins face-off versus Sam Steel in Vegas Golden Knights zone.
11:59 of 1st period - Slapshot by Joel Armia.
11:59 of 1st period - Shot Misses the Net.
12:01 of 1st period - Slapshot by Dante Fabbro.
12:01 of 1st period - Stopped by Alexandar Georgiev without a rebound.
12:02 of 1st period - Connor McDavid wins face-off versus Sean Monahan in Vegas Golden Knights zone.
12:49 of 1st period - Nathan Beaulieu is hit by Zach Parise and loses puck.
12:59 of 1st period - Off-side.
13:00 of 1st period - Connor McDavid wins face-off versus Sean Monahan in neutral zone.
13:44 of 1st period - Icing by Calen Addison.
13:45 of 1st period - Nick Suzuki wins face-off versus Sean Couturier in Winnipeg Jets zone.
13:54 of 1st period - Slapshot by Connor McDavid.
13:54 of 1st period - Shot Misses the Net.
14:12 of 1st period - Snap shot by Matthew Beniers.
14:12 of 1st period - Shot Misses the Net.
14:18 of 1st period - Wrist shot by Matthew Beniers.
14:18 of 1st period - Stopped by Alexandar Georgiev without a rebound.
14:19 of 1st period - Nick Suzuki wins face-off versus Jordan Staal in Vegas Golden Knights zone.
14:20 of 1st period - Snap shot by Kaapo Kakko.
14:20 of 1st period - Stopped by Alexandar Georgiev with a rebound.
14:44 of 1st period - Chris Kreider is hit by Dante Fabbro and loses puck.
15:13 of 1st period - Andrew Peeke is hit by Mark Borowiecki and loses puck.
15:40 of 1st period - Sean Couturier is hit by Andrew Cogliano and loses puck.
16:45 of 1st period - Wrist shot by Zach Parise.
16:45 of 1st period - Stopped by Pavel Francouz with a rebound.
16:59 of 1st period - Yegor Sharangovich is hit by Marc Staal and loses puck.
17:06 of 1st period - Snap shot by Reilly Smith.
17:06 of 1st period - Shot Misses the Net.
17:28 of 1st period - Wrist shot by Jordan Staal.
17:28 of 1st period - Deflect By Nick Suzuki.
17:28 of 1st period - Shot Blocked by Nick Suzuki.
17:28 of 1st period - Puck is out of play.
17:29 of 1st period - Nick Suzuki wins face-off versus Sean Monahan in Winnipeg Jets zone.
17:56 of 1st period - Kaapo Kakko is hit by Reilly Smith and loses puck.
18:05 of 1st period - Wrist shot by Tyler Bertuzzi.
18:05 of 1st period - Stopped by Pavel Francouz with a rebound.
18:07 of 1st period - Slapshot by Andrew Peeke.
18:07 of 1st period - Shot Misses the Net.
18:19 of 1st period - Snap shot by Zach Parise.
18:19 of 1st period - Shot Misses the Net.
19:08 of 1st period - Wrist shot by Chris Kreider.
19:08 of 1st period - Stopped by Pavel Francouz without a rebound.
19:09 of 1st period - Sean Monahan wins face-off versus Connor McDavid in Winnipeg Jets zone.
19:26 of 1st period - Snap shot by Alex DeBrincat.
19:26 of 1st period - Shot Blocked by Andrew Peeke.
19:28 of 1st period - Slapshot by Mark Borowiecki.
19:28 of 1st period - Stopped by Alexandar Georgiev with a rebound.
19:30 of 1st period - Snap shot by Lucas Raymond.
19:30 of 1st period - Stopped by Alexandar Georgiev with a rebound.
19:32 of 1st period - Slapshot by Ty Smith.
19:32 of 1st period - Shot Blocked by Andrew Peeke.
19:34 of 1st period - Slapshot by Ty Smith.
19:34 of 1st period - Shot Blocked by Chris Kreider.
19:36 of 1st period - Wrist shot by Alex DeBrincat.
19:36 of 1st period - Shot Misses the Net.
19:38 of 1st period - Wrist shot by Lucas Raymond.
19:38 of 1st period - Stopped by Alexandar Georgiev with a rebound.
19:40 of 1st period - Slapshot by Lucas Raymond.
19:40 of 1st period - Stopped by Alexandar Georgiev with a rebound.
19:42 of 1st period - Slapshot by Lucas Raymond.
19:42 of 1st period - Shot Misses the Net.
19:44 of 1st period - Slapshot by Ty Smith.
19:44 of 1st period - Stopped by Alexandar Georgiev with a rebound.
19:46 of 1st period - Snap shot by Lucas Raymond.
19:46 of 1st period - Goal by Lucas Raymond - Winnipeg Jets : 2 - Vegas Golden Knights : 0.
19:47 of 1st period - Rickard Rakell wins face-off versus Sam Steel in neutral zone.
19:49 of 1st period - Minor Penalty to Jordan Staal for Hooking.
19:50 of 1st period - Eric Staal wins face-off versus Nick Suzuki in Vegas Golden Knights zone.
Goals for this period are 2 for Winnipeg Jets vs 0 for Vegas Golden Knights.
Shots for this period are 13 for Winnipeg Jets vs 13 for Vegas Golden Knights.
2nd period
0:01 of 2nd period - Eric Staal wins face-off versus Connor McDavid in neutral zone.
0:30 of 2nd period - Wrist shot by Nick Suzuki.
0:30 of 2nd period - Shot Blocked by Lars Eller.
0:32 of 2nd period - Slapshot by Kaiden Guhle.
0:32 of 2nd period - Shot Misses the Net.
0:34 of 2nd period - Slapshot by Dante Fabbro.
0:34 of 2nd period - Shot Blocked by Andrew Peeke.
0:36 of 2nd period - Snap shot by Nick Suzuki.
0:36 of 2nd period - Shot Misses the Net.
1:12 of 2nd period - Nick Suzuki is hit by Lars Eller and loses puck.
1:49 of 2nd period - Penalty to Jordan Staal is over, Jordan Staal is back on ice.
2:01 of 2nd period - Andrew Peeke is hit by Kaiden Guhle and loses puck.
2:37 of 2nd period - Minor Penalty to Mark Borowiecki for Interference.
2:38 of 2nd period - Sean Monahan wins face-off versus Connor McDavid in Winnipeg Jets zone.
2:53 of 2nd period - Snap shot by Sean Monahan.
2:53 of 2nd period - Shot Misses the Net.
3:55 of 2nd period - Lucas Raymond is hit by Tyler Bertuzzi and loses puck.
4:37 of 2nd period - Penalty to Mark Borowiecki is over, Mark Borowiecki is back on ice.
4:57 of 2nd period - Joe Pavelski is hit by Calen Addison and loses puck.
5:37 of 2nd period - Marc Staal is hit by Calen Addison and loses puck.
6:44 of 2nd period - Snap shot by Joel Armia.
6:44 of 2nd period - Stopped by Alexandar Georgiev without a rebound.
6:45 of 2nd period - Lucas Raymond wins face-off versus Sean Couturier in Vegas Golden Knights zone.
7:08 of 2nd period - Marc Staal is hit by Kaiden Guhle and loses puck.
7:15 of 2nd period - Wrist shot by Tyler Bertuzzi.
7:15 of 2nd period - Stopped by Pavel Francouz without a rebound.
7:16 of 2nd period - Nikolaj Ehlers wins face-off versus Nick Suzuki in Winnipeg Jets zone.
7:17 of 2nd period - Wrist shot by Rickard Rakell.
7:17 of 2nd period - Deflect By Nikolaj Ehlers.
7:17 of 2nd period - Shot Blocked by Nathan Beaulieu.
7:17 of 2nd period - Puck is out of play.
7:18 of 2nd period - Jordan Staal wins face-off versus Nick Suzuki in Winnipeg Jets zone.
7:23 of 2nd period - Snap shot by Rickard Rakell.
7:23 of 2nd period - Shot Blocked by Nathan Beaulieu.
7:25 of 2nd period - Wrist shot by Rickard Rakell.
7:25 of 2nd period - Deflect By Nikolaj Ehlers.
7:25 of 2nd period - Shot Blocked by Nathan Beaulieu.
7:25 of 2nd period - Puck is out of play.
7:26 of 2nd period - Jordan Staal wins face-off versus Nick Suzuki in Winnipeg Jets zone.
7:37 of 2nd period - Snap shot by Nikolaj Ehlers.
7:37 of 2nd period - Shot Misses the Net.
7:53 of 2nd period - Kaapo Kakko is hit by Nikolaj Ehlers and loses puck.
8:34 of 2nd period - Snap shot by Rickard Rakell.
8:34 of 2nd period - Stopped by Pavel Francouz without a rebound.
8:35 of 2nd period - Connor McDavid wins face-off versus Joe Pavelski in Winnipeg Jets zone.
8:35 of 2nd period - Connor McDavid is hit by Joe Pavelski.
8:47 of 2nd period - Off-side.
8:48 of 2nd period - Connor McDavid wins face-off versus Sean Monahan in neutral zone.
8:51 of 2nd period - Wrist shot by Connor McDavid.
8:51 of 2nd period - Stopped by Alexandar Georgiev with a rebound.
8:53 of 2nd period - Snap shot by Alex DeBrincat.
8:53 of 2nd period - Goal by Alex DeBrincat - Winnipeg Jets : 3 - Vegas Golden Knights : 0.
8:54 of 2nd period - Connor McDavid wins face-off versus Chris Kreider in neutral zone.
9:07 of 2nd period - Nathan Beaulieu is hit by Vince Dunn and loses puck.
9:11 of 2nd period - Icing by Connor McDavid.
9:12 of 2nd period - Connor McDavid wins face-off versus Sean Couturier in Winnipeg Jets zone.
9:25 of 2nd period - Tyler Bertuzzi is hit by Alex DeBrincat and loses puck.
10:20 of 2nd period - Off-side.
10:21 of 2nd period - Sean Monahan wins face-off versus Yegor Sharangovich in neutral zone.
10:24 of 2nd period - Wrist shot by Joe Pavelski.
10:24 of 2nd period - Stopped by Pavel Francouz without a rebound.
10:25 of 2nd period - Matthew Beniers wins face-off versus Sean Monahan in Winnipeg Jets zone.
10:25 of 2nd period - Matthew Beniers is hit by Sean Monahan.
11:02 of 2nd period - Wrist shot by Nikolaj Ehlers.
11:02 of 2nd period - Stopped by Pavel Francouz with a rebound.
11:33 of 2nd period - Andrew Cogliano is hit by Sean Monahan and loses puck.
12:15 of 2nd period - Nathan Beaulieu is hit by Lars Eller and loses puck.
12:22 of 2nd period - Snap shot by Lars Eller.
12:22 of 2nd period - Goal by Lars Eller - Winnipeg Jets : 3 - Vegas Golden Knights : 1.
12:23 of 2nd period - Connor McDavid wins face-off versus Sean Monahan in neutral zone.
12:26 of 2nd period - Snap shot by Alex DeBrincat.
12:26 of 2nd period - Stopped by Alexandar Georgiev without a rebound.
12:27 of 2nd period - Sean Monahan wins face-off versus Connor McDavid in Vegas Golden Knights zone.
12:42 of 2nd period - Wrist shot by Joe Pavelski.
12:42 of 2nd period - Stopped by Pavel Francouz with a rebound.
12:44 of 2nd period - Backhand shot by Chris Kreider.
12:44 of 2nd period - Shot Blocked by Kaiden Guhle.
13:26 of 2nd period - Nick Suzuki is hit by Reilly Smith and loses puck.
13:43 of 2nd period - Snap shot by Sam Steel.
13:43 of 2nd period - Stopped by Alexandar Georgiev with a rebound.
13:45 of 2nd period - Snap shot by Sam Steel.
13:45 of 2nd period - Stopped by Alexandar Georgiev with a rebound.
13:47 of 2nd period - Snap shot by Joel Armia.
13:47 of 2nd period - Stopped by Alexandar Georgiev without a rebound.
13:48 of 2nd period - Sean Monahan wins face-off versus Connor McDavid in Vegas Golden Knights zone.
13:53 of 2nd period - Alex DeBrincat is hit by Marc-Edouard Vlasic and loses puck.
14:49 of 2nd period - Snap shot by Rickard Rakell.
14:49 of 2nd period - Stopped by Pavel Francouz with a rebound.
14:51 of 2nd period - Slapshot by John Marino.
14:51 of 2nd period - Deflect By Jordan Staal.
14:51 of 2nd period - Deflect By Yegor Sharangovich.
14:51 of 2nd period - Stopped by Pavel Francouz with a rebound.
15:08 of 2nd period - Snap shot by Sean Couturier.
15:08 of 2nd period - Stopped by Pavel Francouz without a rebound.
15:09 of 2nd period - Connor McDavid wins face-off versus Jordan Staal in Winnipeg Jets zone.
16:04 of 2nd period - Slapshot by Lars Eller.
16:04 of 2nd period - Stopped by Pavel Francouz without a rebound.
16:05 of 2nd period - Nick Suzuki wins face-off versus Sean Monahan in Winnipeg Jets zone.
16:17 of 2nd period - Nathan Beaulieu is hit by Vince Dunn and loses puck.
16:36 of 2nd period - Snap shot by Nick Suzuki.
16:36 of 2nd period - Stopped by Alexandar Georgiev with a rebound.
16:38 of 2nd period - Snap shot by Kaapo Kakko.
16:38 of 2nd period - Stopped by Alexandar Georgiev with a rebound.
16:40 of 2nd period - Wrist shot by Kaapo Kakko.
16:40 of 2nd period - Shot Blocked by Marc-Edouard Vlasic.
16:42 of 2nd period - Slapshot by Nathan Beaulieu.
16:42 of 2nd period - Stopped by Alexandar Georgiev without a rebound.
16:43 of 2nd period - Jordan Staal wins face-off versus Connor McDavid in Vegas Golden Knights zone.
17:14 of 2nd period - Snap shot by Sean Couturier.
17:14 of 2nd period - Stopped by Pavel Francouz with a rebound.
17:42 of 2nd period - Wrist shot by Sam Steel.
17:42 of 2nd period - Stopped by Alexandar Georgiev without a rebound.
17:43 of 2nd period - Connor McDavid wins face-off versus Jordan Staal in Vegas Golden Knights zone.
18:35 of 2nd period - Wrist shot by Yegor Sharangovich.
18:35 of 2nd period - Stopped by Alexandar Georgiev with a rebound.
18:37 of 2nd period - Slapshot by Mark Borowiecki.
18:37 of 2nd period - Stopped by Alexandar Georgiev without a rebound.
18:38 of 2nd period - Jordan Staal wins face-off versus Matthew Beniers in Vegas Golden Knights zone.
18:49 of 2nd period - Snap shot by Yegor Sharangovich.
18:49 of 2nd period - Shot Misses the Net.
18:51 of 2nd period - Slapshot by Yegor Sharangovich.
18:51 of 2nd period - Shot Blocked by Vince Dunn.
18:53 of 2nd period - Snap shot by Kaiden Guhle.
18:53 of 2nd period - Stopped by Alexandar Georgiev without a rebound.
18:54 of 2nd period - Sean Monahan wins face-off versus Connor McDavid in Vegas Golden Knights zone.
18:54 of 2nd period - Sean Monahan is hit by Alex DeBrincat.
19:17 of 2nd period - Minor Penalty to Lucas Raymond for High sticking.
19:18 of 2nd period - Joe Pavelski wins face-off versus Alex DeBrincat in Winnipeg Jets zone.
Goals for this period are 1 for Winnipeg Jets vs 1 for Vegas Golden Knights.
Shots for this period are 14 for Winnipeg Jets vs 11 for Vegas Golden Knights.
3rd period
0:01 of 3rd period - Joe Pavelski wins face-off versus Alex DeBrincat in neutral zone.
0:05 of 3rd period - Snap shot by Reilly Smith.
0:05 of 3rd period - Deflect By Chris Kreider.
0:05 of 3rd period - Shot Blocked by Kaiden Guhle.
0:05 of 3rd period - Puck is out of play.
0:06 of 3rd period - Alex DeBrincat wins face-off versus Joe Pavelski in Winnipeg Jets zone.
0:19 of 3rd period - Snap shot by Joe Pavelski.
0:19 of 3rd period - Shot Misses the Net.
0:21 of 3rd period - Slapshot by Vince Dunn.
0:21 of 3rd period - Shot Misses the Net.
0:23 of 3rd period - Slapshot by Chris Kreider.
0:23 of 3rd period - Stopped by Pavel Francouz with a rebound.
0:36 of 3rd period - Off-side.
0:37 of 3rd period - Sean Monahan wins face-off versus Alex DeBrincat in neutral zone.
0:50 of 3rd period - Slapshot by Nikolaj Ehlers.
0:50 of 3rd period - Stopped by Pavel Francouz without a rebound.
0:51 of 3rd period - Connor McDavid wins face-off versus Joe Pavelski in Winnipeg Jets zone.
1:08 of 3rd period - Wrist shot by Joe Pavelski.
1:08 of 3rd period - Goal by Joe Pavelski - Winnipeg Jets : 3 - Vegas Golden Knights : 2.
1:09 of 3rd period - Nick Suzuki wins face-off versus Jordan Staal in neutral zone.
1:14 of 3rd period - Wrist shot by Kaapo Kakko.
1:14 of 3rd period - Stopped by Alexandar Georgiev with a rebound.
1:30 of 3rd period - Minor Penalty to Jordan Staal for Tripping.
1:31 of 3rd period - Nick Suzuki wins face-off versus Lars Eller in Vegas Golden Knights zone.
1:55 of 3rd period - Icing by Kaapo Kakko.
1:56 of 3rd period - Reilly Smith wins face-off versus Nick Suzuki in Winnipeg Jets zone.
2:11 of 3rd period - Snap shot by Nick Suzuki.
2:11 of 3rd period - Deflect By Kaapo Kakko.
2:11 of 3rd period - Shot Misses the Net.
2:11 of 3rd period - Puck is out of play.
2:12 of 3rd period - Connor McDavid wins face-off versus Lars Eller in Vegas Golden Knights zone.
2:25 of 3rd period - Wrist shot by Lucas Raymond.
2:25 of 3rd period - Stopped by Alexandar Georgiev with a rebound.
2:27 of 3rd period - Wrist shot by Lucas Raymond.
2:27 of 3rd period - Shot Misses the Net.
2:29 of 3rd period - Wrist shot by Alex DeBrincat.
2:29 of 3rd period - Shot Misses the Net.
2:39 of 3rd period - Dante Fabbro is hit by Reilly Smith and loses puck.
3:30 of 3rd period - Penalty to Jordan Staal is over, Jordan Staal is back on ice.
3:58 of 3rd period - Sam Steel is hit by Rickard Rakell and loses puck.
4:03 of 3rd period - Snap shot by Nikolaj Ehlers.
4:03 of 3rd period - Stopped by Pavel Francouz with a rebound.
4:05 of 3rd period - Slapshot by Marc Staal.
4:05 of 3rd period - Stopped by Pavel Francouz with a rebound.
4:27 of 3rd period - Slapshot by Nick Suzuki.
4:27 of 3rd period - Shot Misses the Net.
5:46 of 3rd period - Slapshot by Andrew Peeke.
5:46 of 3rd period - Stopped by Pavel Francouz without a rebound.
5:47 of 3rd period - Nikolaj Ehlers wins face-off versus Nick Suzuki in Winnipeg Jets zone.
6:22 of 3rd period - Snap shot by Sean Monahan.
6:22 of 3rd period - Shot Blocked by Connor McDavid.
6:46 of 3rd period - Alex DeBrincat is hit by Tyler Bertuzzi and loses puck.
6:59 of 3rd period - Slapshot by Kaiden Guhle.
6:59 of 3rd period - Stopped by Alexandar Georgiev without a rebound.
7:00 of 3rd period - Jordan Staal wins face-off versus Matthew Beniers in Vegas Golden Knights zone.
7:00 of 3rd period - Jordan Staal is hit by Andrew Cogliano.
7:03 of 3rd period - Icing by Rickard Rakell.
7:04 of 3rd period - Rickard Rakell wins face-off versus Matthew Beniers in Vegas Golden Knights zone.
7:04 of 3rd period - Rickard Rakell is hit by Andrew Cogliano.
7:12 of 3rd period - Slapshot by Vince Dunn.
7:12 of 3rd period - Goal by Vince Dunn - Winnipeg Jets : 3 - Vegas Golden Knights : 3.
7:13 of 3rd period - Nick Suzuki wins face-off versus Sean Monahan in neutral zone.
7:27 of 3rd period - Snap shot by Sean Monahan.
7:27 of 3rd period - Shot Misses the Net.
7:43 of 3rd period - Snap shot by Nikolaj Ehlers.
7:43 of 3rd period - Shot Blocked by Kaiden Guhle.
8:26 of 3rd period - Snap shot by Kaapo Kakko.
8:26 of 3rd period - Deflect By Nick Suzuki.
8:26 of 3rd period - Shot Misses the Net.
8:26 of 3rd period - Puck is out of play.
8:27 of 3rd period - Sean Monahan wins face-off versus Nick Suzuki in Vegas Golden Knights zone.
8:27 of 3rd period - Sean Monahan is hit by Barclay Goodrow.
9:14 of 3rd period - Wrist shot by Lucas Raymond.
9:14 of 3rd period - Shot Misses the Net.
9:16 of 3rd period - Wrist shot by Connor McDavid.
9:16 of 3rd period - Shot Misses the Net.
9:18 of 3rd period - Wrist shot by Nathan Beaulieu.
9:18 of 3rd period - Deflect By Alex DeBrincat.
9:18 of 3rd period - Stopped by Alexandar Georgiev without a rebound.
9:19 of 3rd period - Sean Monahan wins face-off versus Connor McDavid in Vegas Golden Knights zone.
10:29 of 3rd period - Slapshot by Vince Dunn.
10:29 of 3rd period - Shot Misses the Net.
10:31 of 3rd period - Snap shot by Lars Eller.
10:31 of 3rd period - Shot Blocked by Joel Armia.
10:53 of 3rd period - Snap shot by Kaapo Kakko.
10:53 of 3rd period - Stopped by Alexandar Georgiev without a rebound.
10:54 of 3rd period - Jordan Staal wins face-off versus Yegor Sharangovich in Vegas Golden Knights zone.
10:54 of 3rd period - Jordan Staal is hit by Yegor Sharangovich.
11:20 of 3rd period - Sean Monahan is hit by Mark Borowiecki.
11:47 of 3rd period - Wrist shot by Joel Armia.
11:47 of 3rd period - Shot Misses the Net.
11:49 of 3rd period - Snap shot by Joel Armia.
11:49 of 3rd period - Shot Misses the Net.
11:51 of 3rd period - Backhand shot by Pius Suter.
11:51 of 3rd period - Stopped by Alexandar Georgiev without a rebound.
11:52 of 3rd period - Jordan Staal wins face-off versus Nick Suzuki in Vegas Golden Knights zone.
11:52 of 3rd period - Rickard Rakell is hit by Barclay Goodrow and loses puck.
12:01 of 3rd period - Wrist shot by Kaapo Kakko.
12:01 of 3rd period - Stopped by Alexandar Georgiev without a rebound.
12:02 of 3rd period - Nick Suzuki wins face-off versus Jordan Staal in Vegas Golden Knights zone.
12:05 of 3rd period - Slapshot by Kaapo Kakko.
12:05 of 3rd period - Stopped by Alexandar Georgiev without a rebound.
12:06 of 3rd period - Sean Couturier wins face-off versus Connor McDavid in Vegas Golden Knights zone.
12:13 of 3rd period - Slapshot by Reilly Smith.
12:13 of 3rd period - Stopped by Pavel Francouz with a rebound.
12:15 of 3rd period - Slapshot by Reilly Smith.
12:15 of 3rd period - Shot Misses the Net.
12:17 of 3rd period - Wrist shot by Sean Couturier.
12:17 of 3rd period - Stopped by Pavel Francouz without a rebound.
12:18 of 3rd period - Nick Suzuki wins face-off versus Jordan Staal in Winnipeg Jets zone.
12:27 of 3rd period - Snap shot by Nikolaj Ehlers.
12:27 of 3rd period - Stopped by Pavel Francouz with a rebound.
12:29 of 3rd period - Slapshot by Nikolaj Ehlers.
12:29 of 3rd period - Stopped by Pavel Francouz with a rebound.
12:31 of 3rd period - Slapshot by Rickard Rakell.
12:31 of 3rd period - Stopped by Pavel Francouz with a rebound.
12:33 of 3rd period - Slapshot by Rickard Rakell.
12:33 of 3rd period - Stopped by Pavel Francouz with a rebound.
12:43 of 3rd period - Alex DeBrincat is hit by Reilly Smith and loses puck.
13:27 of 3rd period - Icing by Calen Addison.
13:28 of 3rd period - Sam Steel wins face-off versus Jordan Staal in Winnipeg Jets zone.
13:28 of 3rd period - Sam Steel is hit by Nikolaj Ehlers.
14:02 of 3rd period - Snap shot by Nikolaj Ehlers.
14:02 of 3rd period - Deflect By Rickard Rakell.
14:02 of 3rd period - Stopped by Pavel Francouz with a rebound.
14:04 of 3rd period - Slapshot by Andrew Peeke.
14:04 of 3rd period - Stopped by Pavel Francouz without a rebound.
14:05 of 3rd period - Sean Monahan wins face-off versus Kaapo Kakko in Winnipeg Jets zone.
14:19 of 3rd period - Off-side.
14:20 of 3rd period - Sean Couturier wins face-off versus Connor McDavid in neutral zone.
14:23 of 3rd period - Alex DeBrincat is hit by Reilly Smith and loses puck.
15:16 of 3rd period - Joel Armia is hit by Zach Parise and loses puck.
15:22 of 3rd period - Icing by Nathan Beaulieu.
15:23 of 3rd period - Sean Couturier wins face-off versus Sam Steel in Winnipeg Jets zone.
15:38 of 3rd period - Snap shot by Sam Steel.
15:38 of 3rd period - Shot Misses the Net.
15:40 of 3rd period - Slapshot by Nathan Beaulieu.
15:40 of 3rd period - Shot Blocked by Tyler Bertuzzi.
15:42 of 3rd period - Slapshot by Mark Borowiecki.
15:42 of 3rd period - Shot Blocked by Tyler Bertuzzi.
15:44 of 3rd period - Slapshot by Mark Borowiecki.
15:44 of 3rd period - Stopped by Alexandar Georgiev without a rebound.
15:45 of 3rd period - Matthew Beniers wins face-off versus Lars Eller in Vegas Golden Knights zone.
15:58 of 3rd period - Slapshot by Vince Dunn.
15:58 of 3rd period - Stopped by Pavel Francouz without a rebound.
15:59 of 3rd period - Sam Steel wins face-off versus Sean Couturier in Winnipeg Jets zone.
16:28 of 3rd period - Icing by Eric Staal.
16:29 of 3rd period - Matthew Beniers wins face-off versus Lars Eller in Vegas Golden Knights zone.
17:25 of 3rd period - Minor Penalty to Chris Kreider for Roughing.
17:26 of 3rd period - Lars Eller wins face-off versus Connor McDavid in Vegas Golden Knights zone.
17:53 of 3rd period - Zach Parise is hit by Dante Fabbro and loses puck.
19:14 of 3rd period - Calen Addison is hit by Reilly Smith and loses puck.
19:25 of 3rd period - Penalty to Chris Kreider is over, Chris Kreider is back on ice.
Goals for this period are 0 for Winnipeg Jets vs 2 for Vegas Golden Knights.
Shots for this period are 9 for Winnipeg Jets vs 16 for Vegas Golden Knights.
Overtime #1
0:01 of 1st overtime period - Joe Pavelski wins face-off versus Connor McDavid in neutral zone.
0:04 of 1st overtime period - Snap shot by Chris Kreider.
0:04 of 1st overtime period - Stopped by Pavel Francouz with a rebound.
0:06 of 1st overtime period - Slapshot by Andrew Peeke.
0:06 of 1st overtime period - Stopped by Pavel Francouz with a rebound.
0:08 of 1st overtime period - Snap shot by Chris Kreider.
0:08 of 1st overtime period - Stopped by Pavel Francouz with a rebound.
0:36 of 1st overtime period - Snap shot by Sean Monahan.
0:36 of 1st overtime period - Deflect By Lucas Raymond.
0:36 of 1st overtime period - Stopped by Pavel Francouz without a rebound.
0:37 of 1st overtime period - Joe Pavelski wins face-off versus Connor McDavid in Winnipeg Jets zone.
0:46 of 1st overtime period - Wrist shot by Joe Pavelski.
0:46 of 1st overtime period - Stopped by Pavel Francouz without a rebound.
0:47 of 1st overtime period - Connor McDavid wins face-off versus Joe Pavelski in Winnipeg Jets zone.
1:11 of 1st overtime period - Snap shot by Joe Pavelski.
1:11 of 1st overtime period - Shot Blocked by Mark Borowiecki.
1:11 of 1st overtime period - Mark Borowiecki from Winnipeg Jets is injured at 1:11 of 1st overtime period (Bruised Right Leg).
1:12 of 1st overtime period - Alex DeBrincat wins face-off versus Sean Monahan in Winnipeg Jets zone.
1:19 of 1st overtime period - Slapshot by Reilly Smith.
1:19 of 1st overtime period - Stopped by Pavel Francouz with a rebound.
1:37 of 1st overtime period - Joe Pavelski is hit by Connor McDavid and loses puck.
1:48 of 1st overtime period - Wrist shot by Nick Suzuki.
1:48 of 1st overtime period - Stopped by Alexandar Georgiev with a rebound.
2:04 of 1st overtime period - Calen Addison is hit by John Marino.
3:00 of 1st overtime period - Icing by Connor McDavid.
3:01 of 1st overtime period - Connor McDavid wins face-off versus Chris Kreider in Winnipeg Jets zone.
Goals for this period are 0 for Winnipeg Jets vs 0 for Vegas Golden Knights.
Shots for this period are 1 for Winnipeg Jets vs 6 for Vegas Golden Knights.
ShootOut
5:00 of 1st overtime period - Round #1.
5:00 of 1st overtime period - Winnipeg Jets, Connor McDavid.
5:00 of 1st overtime period - Wrist shot by Connor McDavid.
5:00 of 1st overtime period - Stopped by Alexandar Georgiev.
5:00 of 1st overtime period - Vegas Golden Knights, Rickard Rakell.
5:00 of 1st overtime period - Deke by Rickard Rakell.
5:00 of 1st overtime period - Stopped by Pavel Francouz.
5:00 of 1st overtime period - Round #2.
5:00 of 1st overtime period - Winnipeg Jets, Nick Suzuki.
5:00 of 1st overtime period - Wrist shot by Nick Suzuki.
5:00 of 1st overtime period - Stopped by Alexandar Georgiev.
5:00 of 1st overtime period - Vegas Golden Knights, Sean Monahan.
5:00 of 1st overtime period - Deke by Sean Monahan.
5:00 of 1st overtime period - Stopped by Pavel Francouz.
5:00 of 1st overtime period - Round #3.
5:00 of 1st overtime period - Winnipeg Jets, Alex DeBrincat.
5:00 of 1st overtime period - Backhand shot by Alex DeBrincat.
5:00 of 1st overtime period - Goal by Alex DeBrincat.
5:00 of 1st overtime period - Vegas Golden Knights, Zach Parise.
5:00 of 1st overtime period - Backhand shot by Zach Parise.
5:00 of 1st overtime period - Goal by Zach Parise.
5:00 of 1st overtime period - Round #4.
5:00 of 1st overtime period - Winnipeg Jets, Lucas Raymond.
5:00 of 1st overtime period - Backhand shot by Lucas Raymond.
5:00 of 1st overtime period - Goal by Lucas Raymond.
5:00 of 1st overtime period - Vegas Golden Knights, Joe Pavelski.
5:00 of 1st overtime period - Backhand shot by Joe Pavelski.
5:00 of 1st overtime period - Shot Misses the Net.
Back to the Top